 Dungeon Crawl Stone Soup version 0.28-a0-622-gbaef9634d7 (webtiles) character file.

Game seed: 4443857825589608533

2038 kae the Ruffian (level 9, -1/74 HPs)
             Began as a Red Draconian Transmuter on Oct 7, 2021.
             Was a Follower of Ru.
             Succumbed to a water moccasin's poison
             ... on level 6 of the Dungeon.
             The game lasted 00:07:01 (7937 turns).

kae the Ruffian (Red Draconian Transmuter)          Turns: 7937, Time: 00:07:01

Health: -1/74      AC:  2    Str: 12    XL:     9   Next: 4%
Magic:  11/13      EV: 19    Int: 18    God:    Ru [*.....]
Gold:   1227       SH:  0    Dex: 16    Spells: 6/14 levels left

rFire   . . .      SeeInvis .     - Unarmed
rCold   . . .      Faith    .   (shield currently unavailable)
rNeg    . . .      Spirit   .   (armour unavailable)
rPois   x          Reflect  .   (helmet currently unavailable)
rElec   .          Harm     .   (cloak currently unavailable)
rCorr   .          Rampage  .   (gloves currently unavailable)
Will    .....                   (boots currently unavailable)
Stlth   +.........              (no amulet)
HPRegen 0.22/turn               (no ring)
MPRegen 0.13/turn               (no ring)

@: lethally poisoned (-1 -> -67), spider-form
A: venomous fangs, (breathe fire), AC +7, tiny, unfitting armour, (fire
resistance 1), (cold-blooded), hated by all
a: End Transformation, Renounce Religion


You were on level 6 of the Dungeon.
You worshipped Ru.
Ru was aware of your devotion.
You were a venomous arachnid creature.
You visited 2 branches of the dungeon, and saw 7 of its levels.

You collected 1346 gold pieces.
You spent 119 gold pieces at shops.

Inventory:

Wands
 d - a wand of polymorph (2)
Scrolls
 b - 2 scrolls of blinking
 g - 2 scrolls of torment
 h - a scroll of fear
 k - a scroll of teleportation
 l - 2 scrolls of enchant weapon
 r - a scroll of fog
 s - a scroll of identify
Potions
 a - 4 potions of heal wounds
 c - a potion of attraction
 e - 7 potions of curing {unknown}
 f - a potion of mutation
 i - a potion of invisibility {unknown}
 j - 2 potions of might {unknown}
 m - a potion of experience {unknown}
 n - 2 potions of berserk rage {unknown}
 o - a potion of degeneration {unknown}
 q - 2 potions of lignification {unknown}
 t - a potion of haste {unknown}


   Skills:
 + Level 5.2 Fighting
 - Level 1.7 Dodging
 * Level 7.5 Unarmed Combat
 - Level 3.0 Spellcasting
 + Level 5.1 Transmutations
 * Level 4.3 Ice Magic
 - Level 3.0 Poison Magic


You had 6 spell levels left.
You knew the following spells:

 Your Spells              Type           Power      Damage    Failure   Level
a - Beastly Appendage     Tmut           42%        N/A       8%          1
b - Spider Form           Tmut/Pois      8%         N/A       22%         3
c - Ice Form              Ice/Tmut       19%        N/A       45%         4

Your spell library contained the following spells:

 Spells                   Type           Power      Damage    Failure   Level
 Wereblood                Tmut           21%        N/A       11%         2
 Gell's Gravitas          Tloc           1%         N/A       65%         3
 Teleport Other           Tloc           2%         N/A       65%         3
 Dispersal                Tloc           1%         N/A       100%        6
 Orb of Destruction       Conj           1%         N/A       100%        7
 Summon Guardian Golem    Hex/Summ       Unusable   N/A       N/A         3
 Spellforged Servitor     Conj/Summ      Unusable   N/A       N/A         7

Dungeon Overview and Level Annotations

Branches:
Dungeon (6/15)             Temple (1/1) D:4

Altars:
Ashenzari
Cheibriados
Dithmenos
Elyvilon
Fedhas
Gozag
Hepliaklqana
Kikubaaqudgha
Makhleb
Nemelex Xobeh
Okawaru
Qazlal
Ru
Sif Muna
Trog
Uskayaw
Vehumet
Wu Jian
Xom
Yredelemnul
Zin
The Shining One

Shops:
D:4 *


Innate Abilities, Weirdness & Mutations

You are a venomous arachnid creature.
You have poisonous fangs.
You are tiny and dextrous.
Your spellcasting is less reliable in this form.
Your armour is entirely melded.
You are incapable of wielding weapons or throwing items.
((You can breathe blasts of fire.))
((Your fiery red scales are hard. (AC +7)))
You cannot fit into any form of body armour.
((Your flesh is heat resistant. (rF+)))
((You are cold-blooded and may be slowed by cold attacks.))
You are hated by all.


Message History

The wight is moderately damaged.
The wight closely misses you. The water moccasin barely misses you.
You hit the wight.
The wight is severely damaged.
The wight hits you with a +0 dagger. The water moccasin bites you.
You are poisoned.
The water moccasin poisons you!
You hit the wight.
The wight is almost destroyed.
You feel very sick. The water moccasin bites you!
You are lethally poisoned!
The water moccasin poisons you! The wight hits you with a +0 dagger.
You feel drained.
You are too injured to fight recklessly!
You are too injured to fight recklessly!
You are too injured to fight recklessly!
You are too injured to fight recklessly!
You are too injured to fight recklessly!
You bite the wight!
You destroy the wight!
You feel extremely sick. The water moccasin bites you.
Your life force feels restored.
* * * LOW HITPOINT WARNING * * *
You feel extremely sick. The water moccasin barely misses you.
The water moccasin misses you.
Things that are here:
a +0 dagger; a +0 robe You hit the water moccasin but do no damage.
The water moccasin is poisoned.
* * * LOW HITPOINT WARNING * * *
You feel extremely sick. The water moccasin bites you.
* * * LOW HITPOINT WARNING * * *
You are more poisoned.
The water moccasin poisons you!
You hit the water moccasin.
The water moccasin is moderately wounded.
You die...

....# ....# .....#
.. .....#
..########.....
#..................
#.............S.#
#.............s.#
#...............#
#...............#
#...............#
#...............#
#...............#
###.....#####'###
#.....#.......#
#.....'.......#


You could see a water moccasin (poisoned).

Vanquished Creatures
  Grinder (D:4)
  Prince Ribbit (D:6)
  Sigmund (D:4)
  2 ogres (D:5)
  A necrophage (D:5)
  2 centaurs (D:6)
  A phantom (D:6)
  2 bullfrogs (D:6)
  A water moccasin zombie (D:5)
  7 wights (D:6)
  A howler monkey (D:4)
  A centaur skeleton (D:4)
  2 hounds (D:5)
  A bullfrog skeleton (D:5)
  An orc wizard (D:4)
  Natasha (thrice) (D:4)
  3 iguanas
  A killer bee zombie (D:5)
  A hound skeleton (D:4)
  4 adders
  A shadow imp (D:6)
  2 ufetubi (D:4)
  2 worms (D:3)
  4 dart slugs
  13 orcs
  5 endoplasms
  2 giant cockroaches (D:2)
  5 goblins
  3 hobgoblins
  4 quokkas
  8 ball pythons
  5 bats
  5 frilled lizards
  6 kobolds
  6 rats
108 creatures vanquished.

Vanquished Creatures (collateral kills)
  A worm (D:4)
1 creature vanquished.

Grand Total: 109 creatures vanquished

Notes
Turn   | Place    | Note
-------+----------+-------------------------------------------
     0 | D:1      | kae the Draconian Transmuter began the quest for the Orb.
     0 | D:1      | Reached XP level 1. HP: 16/16 MP: 3/3
   448 | D:1      | Reached XP level 2. HP: 23/23 MP: 5/5
  1478 | D:2      | Reached XP level 3. HP: 29/29 MP: 4/6
  1611 | D:2      | Found a snail-covered altar of Cheibriados.
  1799 | D:2      | Found a faded altar of an unknown god.
  1978 | D:2      | Learned a level 3 spell: Spider Form
  2670 | D:3      | Reached skill level 4 in Unarmed Combat
  2783 | D:3      | Reached XP level 4. HP: 27/36 MP: 5/7
  2800 | D:3      | Reached skill level 1 in Poison Magic
  3166 | D:4      | Found a staircase to the Ecumenical Temple.
  3178 | Temple   | Entered the Ecumenical Temple
  3244 | Temple   | Became a worshipper of Ru the Awakened
  3285 | D:4      | Found Rizu's General Store.
  3572 | D:4      | Bought a potion of heal wounds for 70 gold pieces
  3572 | D:4      | Bought a scroll of fear for 49 gold pieces
  3682 | D:4      | Reached XP level 5. HP: 32/42 MP: 6/8
  3823 | D:4      | Noticed Sigmund
  3834 | D:4      | Killed Sigmund
  3835 | D:4      | Reached skill level 5 in Unarmed Combat
  3835 | D:4      | Reached XP level 6. HP: 37/51 MP: 6/9
  3920 | D:4      | Learned a level 4 spell: Ice Form
  4147 | D:4      | Noticed Grinder
  4323 | D:4      | Paralysed by Grinder for 7 turns
  4334 | D:4      | Killed Grinder
  4335 | D:4      | Reached skill level 1 in Ice Magic
  4335 | D:4      | Your scales start taking on a fiery red colour.
  4335 | D:4      | Reached XP level 7. HP: 36/57 MP: 7/10
  4335 | D:4      | Gained mutation: Your flesh is heat resistant. (rF+) [Red
                  | Draconian growth]
  4548 | D:4      | Noticed Natasha
  4557 | D:4      | Killed Natasha
  4659 | D:4      | Noticed Natasha
  4664 | D:4      | Killed Natasha
  4875 | D:4      | Found Rizu's General Store.
  4925 | D:4      | Found a staircase to the Ecumenical Temple.
  5074 | D:4      | Noticed Natasha
  5085 | D:4      | Killed Natasha
  5137 | D:4      | Found Rizu's General Store.
  5186 | D:4      | Found a staircase to the Ecumenical Temple.
  5383 | D:5      | Entered Level 5 of the Dungeon
  5708 | D:5      | Reached skill level 6 in Unarmed Combat
  5905 | D:5      | Reached XP level 8. HP: 66/66 MP: 8/12
  5990 | D:5      | Gained mutation: You are hated by all. [Ru sacrifice]
  5990 | D:5      | Reached * piety under Ru
  6450 | D:6      | Identified a scroll of acquirement
  6450 | D:6      | Acquired 1037 gold pieces
  6489 | D:6      | Found a broken altar of Ashenzari.
  6806 | D:6      | Noticed Prince Ribbit
  6820 | D:6      | Killed Prince Ribbit
  6821 | D:6      | Reached skill level 7 in Unarmed Combat
  7216 | D:6      | Reached skill level 5 in Fighting
  7632 | D:6      | Reached skill level 5 in Transmutations
  7791 | D:6      | Reached XP level 9. HP: 74/74 MP: 5/13
  7937 | D:6      | Succumbed to a water moccasin's poison

Illustrated notes

Levels and vault maps discovered:
D:1:      heliophobic_arrival_dark_side_of_the_moon, layout_rooms,
          dk_noncrumbling_4, minmay_misc_feat_encased, minmay_bisected
D:2:      layout_basic, shapermc_ecumenical_altar_mp_urbaneastern, basic_altar,
          kennysheep_generic_room_14
D:3:      layout_basic
D:4:      layout_rooms, minmay_temple_entry_waves, serial_shops, shop,
          grunt_ministairs_1, uniq_grinder, uniq_natasha, uniq_sigmund
D:5:      layout_loops_ring
D:6:      layout_gridville, mainiacjoe_overflow_tiny_flanked, minmay_puff,
          uniq_prince_ribbit1, uniq_edmund, uniq_menkaure
Temple:   nicolae_temple_the_god_donut

Skill      XL: |  1  2  3  4  5  6  7  8 |
---------------+-------------------------+-----
Fighting       | 2 3 4 5 |  5.2
Unarmed Combat | 4 5 6 7 |  7.5
Poison Magic   | 2 3 |  3.0
Transmutations | 3 4 5 |  5.1
Ice Magic      | 1 2 4 |  4.3
Spellcasting   | 3 |  3.0
Dodging        | |  1.7

Action                   |  1- 3 |  4- 6 |  7- 9 || total
-------------------------+-------+-------+-------++-------
Melee: Unarmed           |   137 |    79 |   187 ||   403
       Kick              |    28 |     8 |     1 ||    37
       Headbutt          |    11 |     4 |       ||    15
       Tailslap          |     9 |     4 |     2 ||    15
       Punch             |     1 |       |       ||     1
 Cast: Beastly Appendage |    36 |     9 |     3 ||    48
       Spider Form       |       |     3 |    20 ||    23
       Ice Form          |       |     1 |     3 ||     4
Invok: Sacrifice Love    |       |       |     1 ||     1
  Use: Scroll            |     4 |     7 |     2 ||    13
Armor: Skin              |    47 |    22 |    18 ||    87
Dodge: Dodged            |    82 |    57 |   162 ||   301

Table legend: (Time is in decaauts)
 A = Elapsed time spent in this place.
 B = Non-inter-level travel time spent in this place.
 C = Inter-level travel time spent in this place.
 D = Time resting spent in this place.
 E = Time spent auto-exploring this place.
 F = Levels seen in this place.
 G = Mean time per level.
                   A        B        C        D        E       F      G
               +--------+--------+--------+--------+--------+-----+--------+
         Total |   7907 |   7764 |    143 |    540 |   6142 |   7 | 1129.6 |
       Dungeon |   7820 |   7696 |    124 |    540 |   6117 |   6 | 1303.3 |
        Temple |     86 |     67 |     19 |      0 |     25 |   1 |   86.0 |
               +--------+--------+--------+--------+--------+-----+--------+

Top non-repeatable levels by time:
     D:4: 1980 daAuts
     D:6: 1476 daAuts
     D:2: 1251 daAuts
     D:3: 1076 daAuts
     D:5: 1058 daAuts
     D:1: 977 daAuts
  Temple: 86 daAuts
